 Dungeon Crawl Stone Soup version 0.18.1-47-g9310371 (webtiles) character file.

420850 raikaria the Slingshot (level 24, 0/163 HPs)
             Began as a Halfling Hunter on June 15, 2016.
             Was a High Priest of Okawaru.
             Slain by a vampire knight
             ... wielding a +0 long sword
              (2 damage)
             ... on level 2 of the Depths on June 18, 2016.
             The game lasted 06:08:49 (68096 turns).

raikaria the Slingshot (Halfling Hunter)           Turns: 68096, Time: 06:08:50

Health: 0/163      AC: 45    Str: 18    XL:     24   Next: 86%
Magic:  0/30       EV: 26    Int: 10    God:    Okawaru [*****.]
Gold:   4208       SH: 21    Dex: 20    Spells: 2 memorised, 18 levels left

rFire  + . .     SeeInvis .     n - +7 quick blade
rCold  . . .     Gourm    .     S - +27 Lear's hauberk
rNeg   . . .     Faith    .     L - +4 shield
rPois  +         Spirit   +     (helmet currently unavailable)
rElec  +         Dismiss  .     G - +2 cloak
rCorr  .         Reflect  .     (gloves currently unavailable)
SustAt .         Harm     .     (boots currently unavailable)
MR     +....                    r - amulet of guardian spirit
Stlth  ..........               K - ring of protection from fire
                                X - +3 ring of evasion

@: about to teleport, somewhat resistant to hostile enchantments, extremely
unstealthy
A: antennae 1, mutation resistance 1, poison resistance, electricity resistance
a: Heroism, Finesse, Renounce Religion
}: 2/15 runes: decaying, serpentine


You were on level 2 of the Depths.
You worshipped Okawaru.
Okawaru was extremely pleased with you.
You were not hungry.

You visited 8 branches of the dungeon, and saw 41 of its levels.
You visited the Abyss 2 times.
You also visited: Ossuary.

You collected 5108 gold pieces.
You spent 900 gold pieces at shops.

Inventory:

Hand Weapons
 e - the +11 hunting sling "Entots" {flame, rC+}
   (Okawaru gifted it to you on level 2 of the Vaults)

   It causes projectiles fired from it to burn those they strike, causing extra
   injury to most foes and up to half again as much damage against particularly
   susceptible opponents.
   It protects you from cold.
 n - a +7 quick blade (weapon)
 t - a +4 dagger of freezing
 U - the +4 greatsling "Zesag" {velocity, rC+ Int+3}
   (Okawaru gifted it to you on level 8 of the Lair of Beasts)

   Any stone fired from it inflicts extra damage.
   It affects your intelligence (+3).
   It protects you from cold.
Missiles
 d - 23 sling bullets
Armour
 a - a +2 pair of gloves
 q - the cursed +0 scale mail "Qaof Pupn" {rC+ rN+ Stlth+}
   (You found it on level 1 of the Depths)

   It protects you from cold.
   It protects you from negative energy.
   It makes you more stealthy.
   It has a curse placed upon it.
 G - a +2 cloak (worn)
 I - the +0 hat of Hospitality {rC+}
   (Okawaru gifted it to you on level 3 of the Snake Pit)

   It protects you from cold.
 L - a +4 shield (worn)
 O - the +3 ring mail of Naym {+Blink rPois}
   (You found it on level 7 of the Dungeon)

   It protects you from poison.
   It lets you blink.
 R - a +2 pair of boots of flying
 S - the +27 Lear's hauberk (worn)
   (Okawaru gifted it to you on level 1 of the Snake Pit)
Jewellery
 r - an amulet of guardian spirit (around neck)
 x - an uncursed amulet of faith {unknown}
 K - a ring of protection from fire (right hand)
 X - a +3 ring of evasion (left hand)
Wands
 c - a wand of paralysis (21/24)
 h - a wand of lightning (9/15)
 j - a wand of paralysis (12/24)
 y - a wand of lightning (5/15)
 D - a wand of lightning (7/15)
 J - a wand of paralysis (11/24)
 P - a wand of acid (8/15)
 W - a wand of paralysis (19/24)
Scrolls
 i - a scroll of amnesia
 k - 3 scrolls of recharging
 s - 14 scrolls of identify
 w - 3 scrolls of fog
 z - 15 scrolls of remove curse
 B - 12 scrolls of teleportation
 Q - 4 scrolls of magic mapping
 V - 2 scrolls of fear
Potions
 b - 3 potions of lignification
 m - 6 potions of curing
 o - 6 potions of agility
 p - 8 potions of might
 u - 2 potions of berserk rage {unknown}
 v - 3 potions of magic
 F - a potion of invisibility
 H - a potion of resistance
 N - 4 potions of cure mutation
 T - 3 potions of haste
 Y - a potion of brilliance
Miscellaneous
 M - a lamp of fire
Comestibles
 f - 9 bread rations
 l - 22 meat rations


   Skills:
 - Level 13.0 Fighting
 + Level 15.6 Short Blades
 - Level 22.0 Slings
 - Level 18.1 Armour
 - Level 18.0 Dodging
 - Level 1.1 Stealth
 - Level 19.7 Shields
 - Level 7.5 Charms
 - Level 4.1 Necromancy
 - Level 9.0 Invocations
 - Level 10.1 Evocations


You had 18 spell levels left.
You knew the following spells:

 Your Spells              Type           Power        Failure   Level  Hunger
a - Corpse Rot            Necr           N/A          69%         2    ###....
b - Regeneration          Chrm/Necr      ##........   73%         3    ####...


Dungeon Overview and Level Annotations

Branches:
Dungeon (15/15)            Temple (1/1) D:5            Lair (8/8) D:8
  Swamp (4/4) Lair:6        Snake (4/4) Lair:6        Slime (0/6) Lair:6
    Orc (2/2) D:11            Elf (0/3) Orc:2        Vaults (4/5) D:14
  Crypt (0/3) Vaults:3     Depths (3/5) D:15

Altars:
Ashenzari
Cheibriados
Dithmenos
Fedhas
Gozag
Kikubaaqudgha
Makhleb
Nemelex Xobeh
Okawaru
Pakellas
Qazlal
Trog
Vehumet
Yredelemnul
The Shining One

Shops:
D:5 ?   D:9 *   D:12 (!?*:   D:14 *   Orc:2 *[(=   Snake:3 :   Vaults:4 [
Depths:2 (

Portals:
Hell: Depths:1 Depths:2
Abyss: Depths:2
Ziggurat: Depths:2

Annotations:
D:10 exclusion: obsidian statue
Lair:3 exclusion: ice statue
Vaults:4 exclusion: downstairs


Innate Abilities, Weirdness & Mutations

You are small and have problems with some larger weapons.
You are somewhat resistant to further mutation.
You have a pair of small antennae on your head.
Your system is resistant to poisons.
You are resistant to electric shocks.


Message History

The yaktaur shoots a bolt.
The bolt completely misses you.
You see here a bolt.
The yaktaur shoots a bolt.
You block the bolt. Something hits you but does no damage.
Something bites you but does no damage.
You see here a bolt.
You hit something but do no damage. Something hits you.
* * * LOW HITPOINT WARNING * * *
You block something's attack.
The yaktaur shoots a bolt.
You block the bolt.
You hear some strange, mumbled words.
Something tries to affect you, but you resist.
You see here 2 bolts.
Drink which item? (? for menu, Esc to quit)
You feel better.
Read which item? (? for menu, Esc to quit)
As you read the scroll of teleportation, it crumbles to dust.
You feel strangely unstable.
Unholy energy fills the air.
* * * LOW HITPOINT WARNING * * *
Something closely misses you. Something bites you.
You die...

.....(##'##### #.# #.# #.#
'###........# #.#
#.########.# ..##........#
#.# #..........#
#..'........# #.#
#.....###..#
..##........######.####.##.#
#...
#.##.....(..c.......###.##.#
#...
#.##...((.(.####c.......##.#
#### #.##......(.#
#{##.###.##'######
#.####'###(## #@##.#
#.#........ .......# #[#
#.##.###.#........ ..####.#
#c# #(##.....#........ ###
#.###(#####.##.#####........
#...[[>[...........+........
####################........
#########


You could see a yaktaur.

Vanquished Creatures
  Saint Roka (Vaults:4)
  Nikola (Depths:1)
  The ghost of Thrillho the Acrobat, a veteran KoBe of Trog (Depths:1)
  A bone dragon (Vaults:3)
  Jorgrun (Depths:2)
  Rupert (Lair:5)
  2 tentacled monstrosities
  Asterion (Depths:2)
  A lich (Abyss:5)
  The ghost of PeterLawrence the Warrior, an adept OgFi of Okawaru (Orc:2)
  A tentacled starspawn (Abyss:5)
  A thorn hunter (Swamp:4)
  An Executioner (Abyss:5)
  A storm dragon (shapeshifter) (Depths:2)
  A sphinx (Depths:3)
  8 greater nagas
  Agnes (Snake:3)
  2 azure jellies (Vaults:3)
  2 tengu reavers (Depths:2)
  Maud (Orc:1)
  An iron dragon (Vaults:3)
  14 vault wardens
  4 orc warlords
  2 frost giants (Depths:1)
  4 fire giants
  Louise (Swamp:1)
  14 stone giants
  A war gargoyle (Vaults:1)
  A vampire knight (Depths:2)
  6 very ugly things
  16 ironheart preservers
  Nessos (D:13)
  2 salamander stormcallers
  4 spark wasps (Depths:2)
  A deep elf annihilator (Vaults:1)
  7 ettins
  Snorg (D:13)
  A deep elf death mage (Vaults:1)
  A mottled draconian (Abyss:5)
  An ettin (shapeshifter) (Vaults:2)
  13 vault guards
  5 fire dragons
  3 rakshasas
  15 yaktaur captains
  Fannar (Lair:2)
  3 entropy weavers
  10 ice dragons
  17 naga warriors
  3 great orbs of eyes
  A juggernaut simulacrum (Vaults:3)
  20 hydras
  A catoblepas (Lair:8)
  4 centaur warriors
  3 ghost crabs
  14 anacondas
  10 alligators
  A spectral frost giant (Vaults:3)
  An anaconda (shapeshifter) (Vaults:1)
  3 death knights
  8 death yaks
  A spectral human (Vaults:3)
  10 deep troll shamans
  A queen ant (Lair:4)
  11 ogre magi
  2 deep troll earth magi
  2 spriggan berserkers (Depths:2)
  3 vampire magi
  19 naga sharpshooters
  8 tengu warriors
  3 thrashing horrors (Abyss:5)
  Urug (Lair:4)
  15 shock serpents
  2 deep elf knights
  An orc high priest (Orc:2)
  A fire crab (Vaults:3)
  6 hell knights (Depths:2)
  7 salamander mystics
  2 iron trolls (Depths:1)
  A fire crab (shapeshifter) (Vaults:1)
  8 skeletal warriors (Vaults:3)
  3 unseen horrors
  7 wizards
  A flayed ghost (Vaults:4)
  A death drake (Vaults:3)
  5 deep elf archers
  16 ironbrand convokers
  29 deep trolls
  2 starcursed masses (Abyss:5)
  8 swamp dragons
  2 tengu zombies
  8 naga ritualists
  6 lindwurms
  19 orc knights
  6 shambling mangroves
  9 harpies
  14 deep elf magi
  8 hill giants
  A shadow dragon skeleton (Vaults:3)
  6 necromancers
  58 ugly things
  A hornet (shapeshifter) (Vaults:4)
  7 orc sorcerers
  2 wolf spiders
  A harpy (shapeshifter) (Depths:1)
  7 griffons
  17 salamanders
  11 hornets
  A frost giant zombie (Vaults:3)
  17 mana vipers
  6 cyclopes
  A manticore (D:13)
  Maurice (D:8)
  2 frost giant skeletons (Vaults:3)
  2 ice statues (Vaults:3)
  47 black mambas
  A sixfirhy (Abyss:5)
  14 elephants
  3 stone giant skeletons
  6 guardian serpents (Snake:4)
  A titan simulacrum (Vaults:3)
  2 gargoyles
  8 vault sentinels
  2 kobold demonologists (D:15)
  24 naga magi
  2 centaur skeletons (D:11)
  A yaktaur zombie (Vaults:2)
  2 smoke demons (Abyss:5)
  19 spiny frogs
  A rime drake (shapeshifter) (Vaults:4)
  12 komodo dragons
  64 yaktaurs
  4 rime drakes
  9 freezing wraiths
  A spectral deep troll (Vaults:3)
  4 tengu conjurers
  A yaktaur skeleton (Vaults:3)
  15 trolls
  8 polar bears
  Grinder (D:5)
  A wind drake (shapeshifter) (Vaults:1)
  Prince Ribbit (D:9)
  3 giant leeches
  40 slime creatures
  A snapping turtle (shapeshifter) (Depths:2)
  10 two-headed ogres
  A raiju (Abyss:5)
  A raiju (shapeshifter) (Abyss:5)
  4 blink frogs (Lair:3)
  5 large abominations (Abyss:5)
  A slime creature (shapeshifter) (Vaults:4)
  10 bog bodies
  A boulder beetle (shapeshifter) (Vaults:3)
  A fire giant simulacrum (Vaults:2)
  11 boulder beetles
  4 small abominations
  4 spriggans
  2 water elementals
  A spriggan (shapeshifter) (Vaults:3)
  2 tarantellas
  An ettin skeleton (Vaults:2)
  6 wyverns
  40 yaks
  A shadow (Swamp:3)
  8 redbacks
  3 fire bats (Lair:2)
  A vampire (D:14)
  A wraith (D:13)
  A ynoxinul (Abyss:5)
  A golden eye (shapeshifter) (Vaults:2)
  A neqoxec (Abyss:5)
  8 basilisks
  A human (shapeshifter) (Vaults:3)
  30 vampire mosquitoes
  7 hippogriffs
  4 hungry ghosts
  2 fire elementals
  3 insubstantial wisps (Swamp:4)
  A harpy simulacrum (Vaults:3)
  21 swamp worms
  14 wargs
  52 nagas
  A mottled dragon (Vaults:1)
  14 water moccasins
  21 soldier ants
  3 giant eyeballs (Depths:2)
  8 porcupines
  11 swamp drakes
  3 sky beasts
  2 fire dragon simulacra (Vaults:3)
  13 ice beasts
  9 wasps
  An eye of draining (D:15)
  A necrophage (D:9)
  45 orc warriors
  3 black bears
  A phantom (D:5)
  A black mamba simulacrum (Vaults:3)
  43 ogres
  5 wolves (Lair:8)
  11 centaurs
  6 human skeletons
  18 crocodiles
  An elf simulacrum (Vaults:3)
  5 big kobolds
  2 human zombies (Vaults:2)
  14 giant frogs
  2 earth elementals (Vaults:3)
  A gnoll sergeant (D:9)
  3 water moccasin zombies (Ossuary)
  5 killer bees (D:12)
  2 scorpions
  2 elephant simulacra (Vaults:3)
  10 wights
  A howler monkey (D:7)
  2 electric eels (D:13)
  2 lava snakes (Lair:2)
  11 crimson imps
  4 centaur zombies
  2 quasits
  18 orc priests
  6 hounds
  A jelly (D:6)
  7 iguanas
  Crazy Yiuf (D:6)
  Terence (D:3)
  24 orc wizards
  2 hell rats (Lair:4)
  27 worker ants
  A troll simulacrum (Vaults:3)
  9 sheep
  2 big kobold zombies (Ossuary)
  2 hound zombies
  A hound skeleton (D:6)
  2 mummies (Ossuary)
  A howler monkey zombie (D:7)
  A worker ant zombie (D:9)
  3 gnolls (D:9)
  8 adders
  A howler monkey skeleton (D:7)
  A naga simulacrum (Vaults:3)
  54 river rats
  3 shadow imps
  A white imp (Lair:3)
  8 adder zombies
  An adder skeleton (D:7)
  5 dart slugs
  8 giant geckos
  73 orcs
  6 bats
  3 giant cockroaches
  4 gnoll zombies (Ossuary)
  4 goblins
  6 hobgoblins
  10 jackals
  14 kobolds
  3 quokkas
  A ball python skeleton (D:4)
  3 giant newts
  7 hobgoblin zombies (Ossuary)
  8 kobold zombies (Ossuary)
  4 orc zombies (Ossuary)
  A quokka skeleton (D:7)
  8 rats
  A lurking horror (Abyss:5)
  A starspawn tentacle (Abyss:5)
1846 creatures vanquished.

Vanquished Creatures (others)
  A tengu reaver (Vaults:3)
  A deep troll earth mage (Vaults:2)
  2 vampire magi
  A wretched star (Abyss:5)
  An ironbrand convoker (Vaults:2)
  A necromancer (Depths:2)
  An ugly thing (Vaults:3)
  A salamander (Vaults:2)
  A griffon (Vaults:3)
  A vault sentinel (Vaults:2)
  A human zombie (Vaults:2)
  A freezing wraith (Abyss:5)
  A raiju (Abyss:5)
  A small abomination (Abyss:5)
  An orc warrior (Orc:2)
  An elf skeleton (Vaults:2)
  A starcursed mass (Abyss:5)
  4 bushes (Lair:8)
  24 fungi
  44 plants
  9 starspawn tentacles (Abyss:5)
  210 starspawn tentacle segments (Abyss:5)
309 creatures vanquished.

Grand Total: 2155 creatures vanquished

Notes
Turn   | Place    | Note
--------------------------------------------------------------
     0 | D:1      | raikaria the Halfling Hunter began the quest for the Orb.
     0 | D:1      | Reached XP level 1. HP: 14/14 MP: 1/1
    67 | D:1      | Reached skill level 6 in Slings
    99 | D:2      | Reached XP level 2. HP: 9/19 MP: 2/2
   472 | D:1      | You fall through a shaft!
   664 | D:2      | Reached skill level 7 in Slings
   664 | D:2      | Reached XP level 3. HP: 24/24 MP: 3/3
  1490 | D:1      | Reached XP level 4. HP: 22/29 MP: 4/4
  1646 | D:1      | Reached skill level 8 in Slings
  2268 | D:4      | Noticed an ice beast
  2281 | D:4      | HP: 1/29 [ice beast (6)]
  2282 | D:4      | Killed an ice beast
  2282 | D:4      | Reached XP level 5. HP: 1/34 MP: 0/5
  2529 | D:4      | Found a blossoming altar of Fedhas.
  2663 | D:4      | Reached skill level 5 in Dodging
  2663 | D:4      | Reached XP level 6. HP: 37/39 MP: 6/6
  2857 | D:4      | Found a sand-covered staircase.
  2864 | Ossuary  | Entered an ossuary
  3306 | Ossuary  | Reached XP level 7. HP: 42/46 MP: 7/7
  3473 | Ossuary  | Reached skill level 1 in Armour
  3553 | Ossuary  | Gained mutation: You are resistant to electric shocks. [potion of mutation]
  3555 | Ossuary  | Gained mutation: You have a pair of small antennae on your head. [potion of beneficial mutation]
  3556 | Ossuary  | Gained mutation: Your system is resistant to poisons. [potion of beneficial mutation]
  3591 | D:5      | Entered Level 5 of the Dungeon
  4339 | D:3      | Noticed Terence
  4343 | D:3      | Killed Terence
  5170 | D:5      | Reached skill level 9 in Slings
  5170 | D:5      | Reached XP level 8. HP: 54/54 MP: 8/8
  5429 | D:5      | Reached skill level 10 in Slings
  5434 | D:5      | Found Seli's Magic Scroll Boutique.
  5608 | D:5      | Bought a scroll of blinking for 90 gold pieces
  6030 | D:5      | Noticed Grinder
  6062 | D:5      | Killed Grinder
  6077 | D:5      | Found a staircase to the Ecumenical Temple.
  6085 | Temple   | Entered the Ecumenical Temple
  6094 | Temple   | Became a worshipper of Warmaster Okawaru
  6256 | D:6      | Reached XP level 9. HP: 49/58 MP: 10/10
  6540 | D:6      | Noticed Crazy Yiuf
  6569 | D:6      | Killed Crazy Yiuf
  6843 | D:6      | Found a shattered altar of Ashenzari.
  6846 | D:6      | Found a shadowy altar of Dithmenos.
  6849 | D:6      | Found a basalt altar of Yredelemnul.
  7025 | D:6      | Found an oddly glowing altar of Pakellas.
  7129 | D:7      | Reached skill level 5 in Invocations
  7205 | D:7      | Reached * piety under Okawaru
  7231 | D:7      | You fall through a shaft for 2 floors!
  7257 | D:9      | Noticed Prince Ribbit
  7278 | D:9      | Killed Prince Ribbit
  7534 | D:9      | Found Piemo's General Store.
  7657 | D:9      | Reached skill level 11 in Slings
  7903 | D:8      | Reached ** piety under Okawaru
  7931 | D:8      | Reached skill level 12 in Slings
  7931 | D:8      | Reached XP level 10. HP: 41/63 MP: 15/15
  8115 | D:7      | Found a glowing golden altar of the Shining One.
  8700 | D:7      | Got a heavily runed ring mail
  8701 | D:7      | Identified the +3 ring mail of Naym {+Blink rPois} (You found it on level 7 of the Dungeon)
  8945 | D:8      | Noticed Maurice
  8976 | D:8      | Killed Maurice
  8976 | D:8      | Reached skill level 5 in Armour
  9099 | D:8      | Reached *** piety under Okawaru
  9136 | D:8      | Noticed a three-headed hydra
  9160 | D:8      | Killed a three-headed hydra
  9662 | D:8      | Received a gift from Okawaru
  9821 | D:8      | Found a staircase to the Lair.
  9843 | Lair:1   | Entered Level 1 of the Lair of Beasts
  9879 | D:8      | Noticed an elephant
  9912 | D:8      | Killed an elephant
  9912 | D:8      | Reached **** piety under Okawaru
  9912 | D:8      | Reached XP level 11. HP: 67/69 MP: 14/16
  9937 | D:8      | Reached skill level 1 in Short Blades
 10538 | D:10     | Entered Level 10 of the Dungeon
 10559 | D:9      | Reached skill level 1 in Evocations
 10583 | D:10     | Noticed an obsidian statue
 10716 | D:9      | Found a radiant altar of Vehumet.
 10809 | D:9      | Received a gift from Okawaru
 12220 | D:11     | Reached skill level 5 in Evocations
 12311 | D:11     | Killed an unseen horror
 12311 | D:11     | Received a gift from Okawaru
 12391 | D:11     | Reached skill level 5 in Fighting
 12398 | D:11     | Noticed a hill giant
 12416 | D:11     | Killed a hill giant
 12975 | D:11     | Received a gift from Okawaru
 13171 | D:11     | Found a staircase to the Orcish Mines.
 13375 | D:9      | Bought a +2 shield for 247 gold pieces
 13459 | D:8      | Reached skill level 1 in Shields
 14380 | Lair:2   | Received a gift from Okawaru
 14421 | Lair:2   | Noticed Fannar
 14783 | Lair:2   | Reached skill level 5 in Shields
 14848 | Lair:2   | Reached XP level 12. HP: 79/79 MP: 17/17
 15126 | Lair:2   | Received a gift from Okawaru
 15593 | Lair:3   | Found an oddly glowing altar of Pakellas.
 15858 | Lair:3   | HP: 2/80 [freezing wraith (7)]
 16298 | Lair:3   | Reached ***** piety under Okawaru
 16689 | Lair:3   | Reached skill level 10 in Shields
 17315 | Lair:3   | Received a gift from Okawaru
 17683 | Lair:4   | Found an opulent altar of Gozag.
 17725 | Lair:4   | Noticed a six-headed hydra
 17755 | Lair:4   | Killed a six-headed hydra
 17864 | Lair:4   | Reached XP level 13. HP: 60/84 MP: 14/19
 18016 | Lair:4   | Noticed Urug
 18060 | Lair:4   | Killed Urug
 18060 | Lair:4   | Received a gift from Okawaru
 18223 | Lair:4   | Received a gift from Okawaru
 18237 | Lair:4   | Got a warped leather armour
 18239 | Lair:4   | Identified the +2 leather armour of the Turtledove {rCorr} (You found it on level 4 of the Lair of Beasts)
 18354 | Lair:4   | Reached skill level 10 in Dodging
 18478 | Lair:4   | Received a gift from Okawaru
 18511 | Lair:4   | Got a distressingly furry plate armour {god gift}
 18512 | Lair:4   | Identified the +8 plate armour "Pil Tilo" {rN+ MR+ Int-5 Dex+2} (Okawaru gifted it to you on level 4 of the Lair of Beasts)
 19859 | Lair:5   | Reached skill level 5 in Short Blades
 19888 | Lair:5   | Noticed Rupert
 19910 | Lair:5   | Killed Rupert
 20752 | Lair:5   | Identified a scroll of acquirement
 20755 | Lair:5   | Got a steaming hunting sling
 20756 | Lair:5   | Identified the +3 hunting sling of the Wilderness {freeze, -Tele rN+ Dex+3} (You acquired it on level 5 of the Lair of Beasts)
 20842 | Lair:6   | Found a staircase to the Snake Pit.
 20995 | Lair:6   | Reached XP level 14. HP: 88/97 MP: 16/20
 21008 | Lair:6   | Reached skill level 13 in Slings
 21124 | Lair:6   | Received a gift from Okawaru
 21251 | Lair:6   | Found a staircase to the Slime Pits.
 21531 | Lair:6   | Found a staircase to the Swamp.
 21774 | Lair:6   | Reached skill level 14 in Slings
 22189 | Lair:7   | Reached skill level 10 in Armour
 22362 | Lair:8   | Entered Level 8 of the Lair of Beasts
 23193 | Lair:8   | Reached skill level 15 in Slings
 23229 | Lair:8   | Received a gift from Okawaru
 23452 | Lair:8   | Received a gift from Okawaru
 23539 | Lair:8   | Received a gift from Okawaru
 23642 | Lair:8   | Reached skill level 16 in Slings
 24696 | Lair:8   | Received a gift from Okawaru
 24712 | Lair:8   | Reached XP level 15. HP: 69/101 MP: 15/21
 24720 | Lair:8   | Got a twisted greatsling {god gift}
 24721 | Lair:8   | Identified the +4 greatsling "Zesag" {velocity, rC+ Int+3} (Okawaru gifted it to you on level 8 of the Lair of Beasts)
 25065 | Lair:8   | Identified the Reference Book on the Snowflakes and Good Luck
 25082 | Lair:8   | Got a shimmering blowgun
 25083 | Lair:8   | Identified the +10 blowgun of Wijisaed {evade, rElec rC++ Str+4 Dex-3} (You found it on level 8 of the Lair of Beasts)
 25770 | Lair:2   | Killed Fannar
 26015 | D:12     | Found Jaewniy's Assorted Antiques.
 26018 | D:12     | Bought a pair of embroidered gloves for 121 gold pieces
 26071 | D:12     | Found Heda Ont's Book Shoppe.
 26395 | D:13     | Found an ancient bone altar of Kikubaaqudgha.
 26548 | D:12     | Found Eqaar's Magic Scroll Shoppe.
 26556 | D:12     | Bought a scroll of identify for 26 gold pieces
 26556 | D:12     | Bought a scroll of identify for 26 gold pieces
 26556 | D:12     | Bought a scroll of remove curse for 39 gold pieces
 26556 | D:12     | Bought a scroll of identify for 26 gold pieces
 26556 | D:12     | Bought a scroll of identify for 26 gold pieces
 26556 | D:12     | Bought a scroll of identify for 26 gold pieces
 26583 | D:12     | Found Wiodugun's Distillery.
 26590 | D:12     | Bought a potion of haste for 150 gold pieces
 26590 | D:12     | Bought a potion of heal wounds for 75 gold pieces
 26597 | D:12     | Found Lufailo's Antique Weapon Shoppe.
 26684 | D:13     | Noticed Nessos
 26964 | D:13     | Received a gift from Okawaru
 27087 | D:13     | Killed Nessos
 27089 | D:13     | Noticed Snorg
 27113 | D:13     | Killed Snorg
 27113 | D:13     | Received a gift from Okawaru
 27157 | D:13     | Reached skill level 15 in Shields
 27267 | D:13     | Received a gift from Okawaru
 27433 | D:14     | Found Bajecw's Assorted Antiques.
 27486 | D:15     | Entered Level 15 of the Dungeon
 27691 | D:14     | Found a gate to the Vaults.
 28370 | D:15     | Received a gift from Okawaru
 28707 | D:15     | Reached XP level 16. HP: 95/108 MP: 19/22
 29363 | D:15     | Found a staircase to the Depths.
 29369 | D:15     | Received a gift from Okawaru
 29597 | Orc:1    | Entered Level 1 of the Orcish Mines
 30269 | Orc:2    | Entered Level 2 of the Orcish Mines
 30487 | Orc:2    | Noticed PeterLawrence's ghost (adept OgFi)
 31109 | Orc:2    | Killed PeterLawrence's ghost
 31112 | Orc:2    | Found Deatwesomm's Antique Weapon Shop.
 31156 | Orc:2    | Found a staircase to the Elven Halls.
 31286 | Orc:2    | Found Ruclijac's General Store.
 31302 | Orc:2    | Bought a scroll of remove curse for 48 gold pieces
 31599 | Orc:1    | Noticed Maud
 31627 | Orc:1    | Killed Maud
 31991 | Orc:2    | Found Daiv's Antique Armour Boutique.
 32254 | Orc:2    | Found Lethrykko's Jewellery Shoppe.
 32983 | Swamp:1  | Entered Level 1 of the Swamp
 32992 | Swamp:1  | Noticed Louise
 33002 | Swamp:1  | Cast into level 2 of the Abyss (Louise)
 33007 | Swamp:1  | Escaped the Abyss
 33016 | Swamp:1  | Killed Louise
 33472 | Swamp:2  | Received a gift from Okawaru
 33472 | Swamp:2  | Reached skill level 10 in Fighting
 33617 | Swamp:2  | Reached XP level 17. HP: 82/115 MP: 20/23
 34059 | Swamp:2  | Noticed a tentacled monstrosity
 34074 | Swamp:2  | Killed a tentacled monstrosity
 34477 | Swamp:2  | Received a gift from Okawaru
 34803 | Swamp:1  | Received a gift from Okawaru
 35209 | Swamp:4  | Entered Level 4 of the Swamp
 35556 | Swamp:3  | Reached skill level 17 in Slings
 36203 | Swamp:4  | Noticed a thorn hunter
 36221 | Swamp:4  | Killed a thorn hunter
 36221 | Swamp:4  | Reached skill level 18 in Slings
 36554 | Swamp:4  | Reached skill level 19 in Slings
 36575 | Swamp:4  | Received a gift from Okawaru
 36685 | Swamp:4  | Got a decaying rune of Zot
 36960 | Swamp:4  | Reached skill level 20 in Slings
 37171 | Swamp:4  | Reached XP level 18. HP: 124/124 MP: 24/24
 37646 | Snake:1  | Entered Level 1 of the Snake Pit
 37847 | Snake:1  | Received a gift from Okawaru
 38722 | Snake:1  | Received a gift from Okawaru
 39305 | Snake:1  | Received a gift from Okawaru
 40119 | Snake:2  | Found a radiant altar of Vehumet.
 41034 | Snake:3  | Received a gift from Okawaru
 41047 | Snake:3  | Got a brightly glowing hat {god gift}
 41049 | Snake:3  | Identified the +0 hat of Hospitality {rC+} (Okawaru gifted it to you on level 3 of the Snake Pit)
 41303 | Snake:3  | Noticed Agnes
 41324 | Snake:3  | Killed Agnes
 41370 | Snake:3  | Found Sydomyrop's Book Shop.
 41404 | Snake:4  | Entered Level 4 of the Snake Pit
 41503 | Snake:3  | Reached XP level 19. HP: 128/128 MP: 25/25
 42320 | Snake:4  | HP: 6/128 [poisoned by a naga mage (bolt of poison)]
 42325 | Snake:4  | HP: 6/128 [poisoned by a naga mage (bolt of poison)]
 42332 | Snake:4  | HP: 6/128 [poisoned by a naga mage (bolt of poison)]
 43802 | Snake:4  | Reached skill level 15 in Dodging
 44630 | Snake:4  | Received a gift from Okawaru
 45142 | Snake:4  | Received a gift from Okawaru
 45736 | Snake:4  | Received a gift from Okawaru
 45908 | Snake:4  | Reached XP level 20. HP: 122/135 MP: 17/26
 46234 | Snake:4  | Got a serpentine rune of Zot
 46865 | Vaults:1 | Entered Level 1 of the Vaults
 47145 | Vaults:1 | Received a gift from Okawaru
 47647 | Vaults:1 | Reached ****** piety under Okawaru
 48014 | Vaults:1 | Received a gift from Okawaru
 48082 | Vaults:1 | Reached skill level 10 in Evocations
 48724 | Vaults:1 | Got an ancient hat {god gift}
 48726 | Vaults:1 | Identified the +0 hat "Eruj" {Int+2 SInv} (Okawaru gifted it to you on level 1 of the Vaults)
 48793 | Vaults:1 | Identified the Tome of Lethal Stones
 48854 | Vaults:1 | Learned a level 2 spell: Corpse Rot
 49156 | Vaults:1 | Reached XP level 21. HP: 90/140 MP: 16/28
 50336 | Vaults:2 | Reached skill level 15 in Armour
 50439 | Vaults:2 | Paralysed by an orc sorcerer for 7 turns
 51264 | Vaults:1 | Received a gift from Okawaru
 51470 | Vaults:2 | You fall through a shaft for 2 floors!
 51627 | Vaults:4 | Received a gift from Okawaru
 52193 | Vaults:4 | Received a gift from Okawaru
 52518 | Vaults:4 | Noticed Saint Roka
 52533 | Vaults:4 | Received a gift from Okawaru
 53052 | Vaults:2 | Received a gift from Okawaru
 54158 | Vaults:2 | Received a gift from Okawaru
 54165 | Vaults:2 | Got a shimmering hunting sling {god gift}
 54166 | Vaults:2 | Identified the +11 hunting sling "Entots" {flame, rC+} (Okawaru gifted it to you on level 2 of the Vaults)
 54225 | Vaults:2 | Reached XP level 22. HP: 146/146 MP: 29/29
 54774 | Vaults:2 | Found a sparkling altar of Nemelex Xobeh.
 55269 | Vaults:2 | Reached skill level 10 in Short Blades
 55660 | Vaults:3 | Received a gift from Okawaru
 55884 | Vaults:3 | Found a staircase to the Crypt.
 56425 | Vaults:3 | Received a gift from Okawaru
 56609 | Vaults:3 | Received a gift from Okawaru
 56814 | Vaults:3 | Got an ichor-stained morningstar
 56815 | Vaults:3 | Identified the +9 morningstar of Ylun {vamp, rC+ Str+4} (You found it on level 3 of the Vaults)
 57018 | Vaults:3 | Reached skill level 21 in Slings
 57096 | Vaults:3 | Received a gift from Okawaru
 57569 | Vaults:3 | Identified the Catalogue of the Glacier
 57915 | Vaults:3 | Reached XP level 23. HP: 153/153 MP: 30/30
 58125 | Vaults:3 | Identified Sazen's Collected Works on Stones
 58212 | Vaults:3 | Received a gift from Okawaru
 58244 | Vaults:3 | Got a distressingly furry plate armour {god gift}
 58245 | Vaults:3 | Identified the +4 plate armour of Hadjma {rF- Regen+ Dex+2} (Okawaru gifted it to you on level 3 of the Vaults)
 58292 | Vaults:3 | Identified Sif Muna's Catalogue of Poison
 58894 | Vaults:3 | Identified the Incunabulum of Black Magic
 58900 | Vaults:3 | Learned a level 3 spell: Regeneration
 58951 | Vaults:3 | Reached skill level 1 in Charms
 59504 | Vaults:4 | Found Umaehuow's Antique Armour Emporium.
 59575 | Vaults:4 | Reached skill level 5 in Charms
 59903 | Vaults:4 | Killed Saint Roka
 60675 | Depths:1 | Entered Level 1 of the Depths
 60777 | D:15     | Reached skill level 1 in Necromancy
 60925 | Depths:1 | Noticed Thrillho's ghost (veteran KoBe)
 61036 | Depths:1 | Killed Thrillho's ghost
 61531 | Depths:1 | Received a gift from Okawaru
 61720 | Depths:1 | Found a gateway to Hell.
 61753 | Depths:1 | Got a crude scale mail
 61754 | Depths:1 | Identified the cursed +0 scale mail "Qaof Pupn" {rC+ rN+ Stlth+} (You found it on level 1 of the Depths)
 61808 | Depths:1 | Noticed Nikola
 61874 | Depths:1 | Received a gift from Okawaru
 61919 | Depths:1 | Killed Nikola
 62056 | Depths:1 | Reached skill level 22 in Slings
 62694 | Depths:1 | Reached XP level 24. HP: 143/163 MP: 30/30
 62954 | Depths:2 | Found a gateway to a ziggurat.
 63326 | Depths:2 | Noticed Asterion
 63349 | Depths:2 | Killed Asterion
 63676 | Depths:2 | Found Yplazxyich's Weapon Emporium.
 63719 | Depths:2 | Noticed Jorgrun
 63744 | Depths:2 | Killed Jorgrun
 64373 | Depths:2 | Found a one-way gate to the infinite horrors of the Abyss.
 64494 | Depths:2 | Found a snail-covered altar of Cheibriados.
 64537 | Depths:2 | Paralysed by a giant eyeball for 3 turns
 64551 | Depths:2 | Paralysed by a giant eyeball for 4 turns
 64553 | Depths:2 | Cast into level 5 of the Abyss (a lich)
 64553 | Abyss:5  | Entered Level 5 of the Abyss
 64827 | Abyss:5  | HP: 7/163 [starcursed mass/accursed screaming (17)]
 64827 | Abyss:5  | Paralysed by accursed screaming for 2 turns
 65168 | Abyss:5  | Received a gift from Okawaru
 65307 | Abyss:5  | HP: 6/130 [starcursed mass/accursed screaming (4)]
 65356 | Depths:2 | Escaped the Abyss
 65362 | Depths:2 | HP: 4/130 [lich/poison arrow (17)]
 67062 | Depths:2 | Reached skill level 15 in Short Blades
 67999 | Depths:3 | Paralysed by a giant eyeball for 4 turns
 68035 | Depths:2 | Paralysed by a giant eyeball for 4 turns
 68074 | Depths:2 | HP: 5/163 [something (13)]
 68081 | Depths:2 | HP: 8/163 [something (7)]
 68093 | Depths:2 | HP: 8/163 [something (4)]
 68096 | Depths:2 | HP: 2/163 [something/vampiric draining (16)]
 68096 | Depths:2 | Slain by a vampire knight

Skill      XL: |  1  2  3  4  5  6  7  8  9 10 11 12 13 14 15 16 17 18 19 20 21 22 23 24 |
---------------+-------------------------------------------------------------------------+-----
Slings         | 6 7 8 9 10 12 16 20 21 22 | 22.0
Dodging        | 4 5 7 8 10 12 13 17 18 | 18.0
Fighting       | 3 4 6 9 10 11 12 13 | 13.0
Armour         | 2 9 10 13 14 17 18 | 18.1
Invocations    | 2 7 9 |  9.0
Short Blades   | 3 8 13 15 | 15.6
Evocations     | 5 10 | 10.1
Shields        | 5 10 12 15 18 19 | 19.7
Charms         | 7 |  7.5
Necromancy     | 4 |  4.1
Stealth        | |  1.1

Action                   |  1- 3 |  4- 6 |  7- 9 | 10-12 | 13-15 | 16-18 | 19-21 | 22-24 || total
-------------------------+-------+-------+-------+-------+-------+-------+-------+-------++-------
Melee: Dagger            |    22 |    32 |     7 |    95 |   580 |    25 |       |    14 ||   775
       Punch             |       |       |       |     1 |       |       |       |       ||     1
       Falchion          |       |       |       |    10 |       |       |       |       ||    10
       Greatsling        |       |       |       |       |       |     1 |       |       ||     1
       Quick blade       |       |       |       |       |       |       |       |  1062 ||  1062
       Hunting sling     |       |       |       |       |       |       |       |     1 ||     1
 Fire: Hunting sling     |    54 |   152 |   609 |  1626 |  1264 |       |    38 |  3018 ||  6761
       Greatsling        |       |       |       |       |   574 |  2657 |  3066 |       ||  6297
Throw: Stone             |     3 |    15 |       |       |    31 |       |       |       ||    49
Invok: Heroism           |       |       |     1 |    13 |    17 |    21 |    17 |     9 ||    78
       Finesse           |       |       |       |       |     7 |    11 |    14 |     9 ||    41
 Abil: Evoke Flight      |       |       |       |       |       |     5 |       |       ||     5
       Evoke Blink       |       |       |       |       |       |       |     1 |       ||     1
Evoke: Wand              |       |       |       |     4 |       |       |       |     1 ||     5
  Use: Potion            |     1 |       |     4 |     1 |     4 |     4 |     1 |     9 ||    24
       Scroll            |     7 |     1 |    11 |     8 |    15 |     4 |     9 |    13 ||    68
  Eat: Chunk             |     1 |     3 |    11 |    18 |    26 |    16 |    20 |    16 ||   111
       Fruit             |       |     3 |     2 |    11 |     9 |    10 |       |     5 ||    40
       Pizza             |       |       |     1 |       |       |     6 |     8 |       ||    15
       Beef jerky        |       |       |       |     1 |       |     2 |     1 |     1 ||     5
       Royal jelly       |       |       |       |       |       |     2 |       |       ||     2
       Bread ration      |       |       |       |       |       |       |     1 |     5 ||     6
Armor: Leather armour    |    10 |    28 |    30 |     4 |       |       |       |       ||    72
       Ring mail         |       |       |       |   186 |   150 |   225 |    33 |       ||   594
       Chain mail        |       |       |       |       |       |       |   244 |   533 ||   777
Dodge: Dodged            |    27 |    52 |   154 |   526 |   604 |   870 |   846 |  1201 ||  4280
Block: Shield            |       |       |       |   315 |   867 |  1438 |  1422 |  1917 ||  5959
